 Dungeon Crawl Stone Soup version 0.27-a0-676-gc1da3516c2 (webtiles) character file.

Game seed: 5858791169298905586

29 Ijustatesigmund the Skirmisher (level 3, 0/29 HPs)
             Began as a Demonspawn Fighter on Mar 18, 2021.
             Slain by a kobold
             ... wielding a +0 club
              (1 damage)
             ... on level 1 of the Dungeon.
             The game lasted 00:00:49 (431 turns).

Ijustatesigmund the Skirmisher (Demonspawn Fighter)  Turns: 431, Time: 00:00:50

Health: 0/29       AC:  6    Str: 16    XL:     3   Next: 1%
Magic:  3/3        EV:  7    Int:  9    God:
Gold:   0          SH: 12    Dex: 13    Spells: 2/2 levels left

rFire    . . .     SeeInvis .   a - +0 war axe
rCold    . . .     Faith    .   c - +0 kite shield
rNeg     . . .     Spirit   .   b - +0 scale mail
rPois    .         Reflect  .   (helmet restricted)
rElec    .         Harm     .   (no cloak)
rCorr    .         Rampage  .   (no gloves)
Will     .....                  (no boots)
Stlth    ..........             (no amulet)
HPRegen  0.09/turn              (no ring)
MPRegen  0.08/turn              (no ring)

@: mighty
A: antennae 1, large bone plates 1
a: no special abilities


You were on level 1 of the Dungeon.
You visited 1 branch of the dungeon, and saw 1 of its levels.

Inventory:

Hand Weapons
 a - a +0 war axe (weapon)
Armour
 b - a +0 scale mail (worn)
 c - a +0 kite shield (worn)
Potions
 e - a potion of ambrosia


   Skills:
 + Level 3.3 Fighting
 * Level 2.5 Axes
 - Level 2.6 Armour
 + Level 1.0 Dodging
 - Level 2.6 Shields


You had 2 spell levels left.
You didn't know any spells.
Your spell library was empty.

Dungeon Overview and Level Annotations

Branches:
Dungeon (1/15)

Altars:


Innate Abilities, Weirdness & Mutations

You have a pair of small antennae on your head.
You are partially covered in large bone plates. (SH +4)


Message History

Your Dodging skill increases to level 1!
You slash the jackal!
You kill the jackal!
The jackal bites you but does no damage.
You block the jackal's attack.
You miss the jackal. You block the jackal's attack. The jackal bites you.
You hit the jackal.
You kill the jackal!
You barely miss the goblin. You block the goblin's attack.
The goblin hits you but does no damage.
You barely miss the goblin. The goblin hits you but does no damage.
The goblin hits you.
You closely miss the goblin. You block the goblin's attack.
You hit the goblin.
You kill the goblin!
The kobold hits you with a +0 club.
You have reached level 3!
Your experience leads to an increase in your attributes!
Increase (S)trength, (I)ntelligence, or (D)exterity?
You feel agile.
Your demonic ancestry asserts itself...
A pair of antennae grows on your head!
You miss the kobold. You block the kobold's attack.
You barely miss the kobold. You block the kobold's attack.
The kobold hits you with a +0 club.
You closely miss the kobold. The kobold hits you with a +0 club.
A hobgoblin comes into view. It is wielding a +0 club.
The kobold hits you with a +0 club.
* * * LOW HITPOINT WARNING * * *
You closely miss the kobold.
The hobgoblin shouts!
The kobold hits you with a +0 club.
* * * LOW HITPOINT WARNING * * *
You closely miss the kobold. You block the kobold's attack.
The kobold hits you with a +0 club.
* * * LOW HITPOINT WARNING * * *
You feel very mighty all of a sudden. You block the kobold's attack.
You closely miss the kobold. You block the kobold's attack.
The kobold hits you with a +0 club.
You die...

.......# #.#
.####.### #.# #
#.# #.# #.# #.# #
#.# #[###..#
#.#####......#
###......####.....
# #...####.# #.#
##. #@### #.#
##...#K# #.#
#.....g# #.#
#....††.....#.# .
........####.#.#
#. ........# ..#
........#
.........
........#


You could see a hobgoblin and a kobold.

Vanquished Creatures
  A gnoll (D:1)
  2 bats (D:1)
  2 hobgoblins (D:1)
  4 jackals (D:1)
  A quokka (D:1)
  5 goblins (D:1)
  A rat (D:1)
16 creatures vanquished.

Notes
Turn   | Place    | Note
-------+----------+-------------------------------------------
     0 | D:1      | Ijustatesigmund the Demonspawn Fighter began the quest for
                  | the Orb.
     0 | D:1      | Reached XP level 1. HP: 18/18 MP: 1/1
   102 | D:1      | Gained mutation: You are partially covered in large bone
                  | plates. (SH +4) [demonic ancestry]
   102 | D:1      | Reached XP level 2. HP: 14/24 MP: 2/2
   418 | D:1      | Reached skill level 1 in Dodging
   425 | D:1      | Gained mutation: You have a pair of small antennae on your
                  | head. [demonic ancestry]
   425 | D:1      | Reached XP level 3. HP: 16/29 MP: 3/3
   429 | D:1      | HP: 1/29 [kobold/+0 club (5)]
   431 | D:1      | Slain by a kobold

Illustrated notes

Levels and vault maps discovered:
D:1:      lightli_arrival_chessboard, layout_loops_ring

Skill      XL: |  1  2 |
---------------+-------+-----
Axes           | 2 |  2.5
Dodging        | 1 |  1.0
Fighting       | |  3.3
Armour         | |  2.6
Shields        | |  2.6

Action                   || total
-------------------------++-------
Melee: War axe           ||    55
  Use: Scroll            ||     1
       Potion            ||     1
Armor: Scale mail        ||    19
Dodge: Dodged            ||     9
Block: Kite shield       ||    47

Table legend: (Time is in decaauts)
 A = Elapsed time spent in this place.
 B = Non-inter-level travel time spent in this place.
 C = Inter-level travel time spent in this place.
 D = Time resting spent in this place.
 E = Time spent auto-exploring this place.
 F = Levels seen in this place.
 G = Mean time per level.
                   A        B        C        D        E       F      G
               +--------+--------+--------+--------+--------+-----+--------+
         Total |    465 |    465 |      0 |      0 |    340 |   1 |  465.0 |
       Dungeon |    465 |    465 |      0 |      0 |    340 |   1 |  465.0 |
               +--------+--------+--------+--------+--------+-----+--------+

Top non-repeatable levels by time:
     D:1: 465 daAuts
